[Event "Titled Tuesday Blitz December 20 Early 2022"]
[White "Iskusnyh, Sergei"]
[Black "Kotofeyca"]
[WhiteFideId "4120027"]
[WhiteElo "2440"]
[BlackElo "2372"]
[Result "1-0"]
[Round "04"]
[TimeControl "180+2"]
[Date "2022.12.20"]
[WhiteClock "0:00:18"]
[BlackClock "0:00:02"]

1. d4 d5 2. c4 c6 3. Nf3 Nf6 4. e3 a6 5. Bd3 Bg4 6. Nbd2 e6 7. Qc2 Nbd7 8. b3 Bd6 9. Bb2 Qe7 10. Ne5 Bh5 11. f4 O-O 12. c5 Bc7 13. b4 Rfe8 14. O-O Nf8 15. a4 Ng4 16. Rae1 Nxe5 17. fxe5 Bg6 18. Bxg6 Nxg6 19. e4 Rf8 20. exd5 exd5 21. Qf5 f6 22. exf6 Qxf6 23. Qd7 Qd8 24. Qe6+ Kh8 25. Rxf8+ Nxf8 26. Qf7 Qh4 27. Nf3 Qh6 28. Qxc7 Qg6 29. Qxb7 Re8 30. Rxe8 Qxe8 31. Qxa6 Qe3+ 32. Kh1 h6 33. Qf1 Ne6 34. a5 Nf4 35. Bc1 Qe4 36. Bxf4 Qxf4 37. a6 Qf7 38. h3 g5 39. Qa1 Qa7 40. Qa5 1-0


[Site "https://www.chess.com"]

[Event "Titled Tuesday Blitz December 20 Early 2022"]
[White "Ivan11Martic"]
[Black "Monticone, Sonia"]
[BlackFideId "836613"]
[WhiteElo "2528"]
[BlackElo "1887"]
[Result "0-1"]
[Round "04"]
[TimeControl "180+2"]
[Date "2022.12.20"]
[WhiteClock "0:00:24"]
[BlackClock "0:01:06"]

1. Nf3 d5 2. g3 b6 3. Bg2 Bb7 4. O-O Nd7 5. d4 e6 6. c4 dxc4 7. Nc3 Ngf6 8. Qa4 a6 9. Qxc4 b5 10. Qd3 c5 11. Bg5 h6 12. Bf4 cxd4 13. Nxd4 Bxg2 14. Kxg2 e5 15. Qe3 Qb6 16. Bxe5 Qb7+ 17. Nf3 Ng4 18. Qf4 Ngxe5 19. e4 Nxf3 20. Qxf3 Bc5 21. Rad1 O-O 22. Nd5 Rfe8 23. e5 Rab8 24. Rfe1 Nxe5 25. Qf5 Ng6 26. Kh3 Rxe1 27. Rxe1 Qc8 28. g4 Qxf5 29. gxf5 Nf8 30. Rc1 Bd4 31. Rc6 Bxb2 32. Rxa6 Nd7 33. Ra7 Nf6 34. Ne7+ Kf8 35. Nc6 Rc8 36. Na5 Bd4 37. Rb7 Rc3+ 38. Kg2 Nd5 39. h3 Nf4+ 40. Kh2 Bxf2 41. Rxb5 Bg3+ 42. Kg1 Rc1# 0-1


[Site "https://www.chess.com"]

[Event "Titled Tuesday Blitz December 20 Early 2022"]
[White "Jalapeno_Tractor_Schuppen"]
[Black "Andrii_Prydun"]
[WhiteElo "2631"]
[BlackElo "2387"]
[Result "1-0"]
[Round "04"]
[TimeControl "180+2"]
[Date "2022.12.20"]
[WhiteClock "0:00:34"]
[BlackClock "0:00:01"]

1. e4 c6 2. d4 d5 3. e5 Bf5 4. Nf3 e6 5. Be2 Ne7 6. O-O Nd7 7. Nbd2 h6 8. Nb3 g5 9. Be3 Ng6 10. c4 Be7 11. Rc1 h5 12. Bd3 g4 13. Bxf5 exf5 14. Ne1 f4 15. Bd2 dxc4 16. Rxc4 Nb6 17. Rc1 Nd5 18. Nd3 f3 19. gxf3 Nh4 20. fxg4 hxg4 21. Qxg4 Qd7 22. Qxd7+ Kxd7 23. f4 Rag8+ 24. Kh1 Nf5 25. Ndc5+ Kc7 26. Ne4 Bh4 27. Rg1 Bg3 28. Rg2 Bxf4 29. Rxg8 Rxg8 30. Rf1 Be3 31. h3 Nh6 32. Rf3 Bxd2 33. Nbxd2 Ne7 34. Rf6 Rg6 35. Rxg6 fxg6 36. Nf3 Nhf5 37. Neg5 Nd5 38. Ne6+ Kc8 39. Kg2 Nfe3+ 40. Kg3 Nd1 41. b3 N1c3 42. a4 Ne2+ 43. Kg4 1-0


[Site "https://www.chess.com"]

[Event "Titled Tuesday Blitz December 20 Early 2022"]
[White "JaloliddinIlkhomi"]
[Black "Marenco Fernandez, Oscar"]
[BlackFideId "6503080"]
[WhiteElo "2533"]
[BlackElo "1885"]
[Result "0-1"]
[Round "04"]
[TimeControl "180+2"]
[Date "2022.12.20"]
[WhiteClock "0:00:05"]
[BlackClock "0:00:09"]

1. d4 d5 2. Bf4 Nf6 3. e3 c5 4. c3 Nc6 5. Nf3 Qb6 6. Qc2 g6 7. Nbd2 Bf5 8. Qb3 c4 9. Qxb6 axb6 10. a3 b5 11. Rc1 Bg7 12. Be2 h6 13. Bd1 g5 14. Bg3 Nh5 15. Bc2 Bxc2 16. Rxc2 Nxg3 17. hxg3 f5 18. O-O g4 19. Nh4 e6 20. Ng6 Rh7 21. Nf4 Kd7 22. f3 h5 23. Kf2 Bf6 24. Rh1 Rah8 25. Rcc1 Kd6 26. e4 Nxd4 27. cxd4 Bxd4+ 28. Ke2 Bxb2 29. Rb1 c3 30. e5+ Kd7 31. Kd3 Ra8 32. Nb3 Rxa3 33. Nc5+ Ke7 34. Ncxe6 b4 35. Nc7 gxf3 36. Ncxd5+ Kd8 37. gxf3 c2+ 38. Kxc2 Bxe5 39. Rxb4 Rxf3 40. Ne6+ Kc8 41. Kb1 Ra3 42. Kc2 Kb8 43. Rd1 Rd7 44. Nb6 Ra2+ 45. Kb3 Rb2+ 46. Ka3 Rxd1 47. Rxb2 Bxb2+ 48. Kxb2 Rd6 49. Nc4 Rxe6 50. Kc3 Re4 51. Nd6 Re5 52. Kd4 Ra5 53. Ne8 Kc8 54. Nf6 Ra3 55. Nxh5 Kd7 56. Ng7 Ra5 57. Ke3 Ke7 58. Nh5 Ke6 59. Nf4+ Ke5 60. Ng6+ Kf6 61. Nf4 Kg5 62. Kf3 Ra3+ 63. Kg2 Kg4 64. Nd5 Rxg3+ 65. Kf2 Rd3 66. Nf6+ Kf4 67. Nh5+ Ke4 68. Nf6+ Kf4 69. Nh5+ Ke5 70. Ng7 b5 71. Ke2 Rh3 72. Ne8 Rh7 0-1


[Site "https://www.chess.com"]

[Event "Titled Tuesday Blitz December 20 Early 2022"]
[White "Jasko, Pavel"]
[Black "ajedrezsinlimites"]
[WhiteFideId "980463"]
[WhiteElo "1693"]
[BlackElo "2576"]
[Result "1-0"]
[Round "04"]
[TimeControl "180+2"]
[Date "2022.12.20"]
[WhiteClock "0:00:29"]
[BlackClock "0:01:12"]

1. d4 Nf6 2. Bf4 d5 3. e3 c5 4. c3 Nc6 5. Nd2 Qb6 6. Qb3 c4 7. Qc2 Nh5 8. Bg5 h6 9. Bh4 g5 10. Bg3 Nxg3 11. hxg3 Bg7 12. e4 e6 13. Ngf3 Bd7 14. e5 O-O-O 15. b3 cxb3 16. axb3 Kb8 17. Bd3 Rc8 18. Qb2 f6 19. exf6 Bxf6 20. O-O e5 21. dxe5 Nxe5 22. Nxe5 Bxe5 23. Rfc1 Rhf8 24. Nf3 Bg7 25. Nd4 h5 26. Be2 h4 27. gxh4 gxh4 28. Bf3 h3 29. Bxd5 hxg2 30. Bxg2 Rxc3 31. Qxc3 Bxd4 32. Qg3+ Ka8 33. Ra2 a6 34. Rd1 Bb5 35. Qh4 Bc5 36. b4 Bd6 37. Qh6 Rd8 38. Rad2 Bh2+ 39. Qxh2 Rxd2 40. Rxd2 Ka7 41. Qd6 Bc6 1-0


[Site "https://www.chess.com"]

[Event "Titled Tuesday Blitz December 20 Early 2022"]
[White "JoliyRoger"]
[Black "Jenkins, Drake"]
[BlackFideId "2022397"]
[WhiteElo "2429"]
[BlackElo "2130"]
[Result "1-0"]
[Round "04"]
[TimeControl "180+2"]
[Date "2022.12.20"]
[WhiteClock "0:00:12"]
[BlackClock "0:00:04"]

1. d4 Nf6 2. c4 c5 3. d5 b5 4. cxb5 a6 5. e3 g6 6. Nc3 Bg7 7. a4 O-O 8. Bd2 e6 9. dxe6 fxe6 10. Nf3 d5 11. Be2 axb5 12. Bxb5 Na6 13. O-O Nb4 14. Qb3 Qe7 15. Na2 Nxa2 16. Rxa2 Ne4 17. Bc1 Rxf3 18. gxf3 Qg5+ 19. Kh1 Qf5 20. Qd1 Ng5 21. e4 Qxf3+ 22. Qxf3 Nxf3 23. exd5 exd5 24. Bc6 Ra6 25. Bxd5+ Be6 26. Bxe6+ Rxe6 27. Be3 Bd4 28. a5 Ra6 29. Kg2 Nh4+ 30. Kh3 Nf5 31. Bxd4 Nxd4 32. Rc1 Ne6 33. Rd1 Kg7 34. Rd7+ Kh6 35. Rb7 Nf4+ 36. Kg4 Nd3 37. Rb6 Ra7 38. a6 Nxf2+ 39. Kf3 Nd3 40. Rb7 Ne5+ 41. Ke4 Nc6 42. Rxa7 Nxa7 43. Kd5 1-0


[Site "https://www.chess.com"]

[Event "Titled Tuesday Blitz December 20 Early 2022"]
[White "Jovanovic, Dobrica"]
[Black "McCarthyStone"]
[WhiteFideId "928674"]
[WhiteElo "2164"]
[BlackElo "2471"]
[Result "0-1"]
[Round "04"]
[TimeControl "180+2"]
[Date "2022.12.20"]
[WhiteClock "0:00:16"]
[BlackClock "0:02:10"]

1. e4 e5 2. Nf3 d6 3. d4 exd4 4. Qxd4 Ne7 5. Nc3 Nbc6 6. Bb5 a6 7. Bxc6+ Nxc6 8. Qd3 g6 9. Bg5 f6 10. Be3 Be6 11. Nd5 Bg7 12. O-O O-O 13. Rfe1 Ne5 14. Nxe5 fxe5 15. Qd2 Qd7 16. Bh6 Bxh6 17. Qxh6 Bxd5 18. exd5 Rf5 19. Qe3 Raf8 20. f3 Qb5 21. Qb3 Qxb3 22. axb3 Rf4 23. c3 g5 24. Re2 Kf7 25. Rd1 a5 26. Rd3 Ra8 27. Re4 a4 28. b4 a3 29. bxa3 Rxa3 30. Kf2 h5 31. g3 Rxe4 32. fxe4 Ra2+ 33. Kg1 Re2 34. Rf3+ Kg6 35. Rf8 Rxe4 36. Rc8 Rc4 0-1


[Site "https://www.chess.com"]

[Event "Titled Tuesday Blitz December 20 Early 2022"]
[White "Kildepiotr"]
[Black "ErikRonka"]
[WhiteElo "2682"]
[BlackElo "2520"]
[Result "0-1"]
[Round "04"]
[TimeControl "180+2"]
[Date "2022.12.20"]
[WhiteClock "0:00:09"]
[BlackClock "0:00:26"]

1. Nf3 d5 2. g3 Nf6 3. Bg2 e6 4. O-O c5 5. d3 Nc6 6. Nbd2 Be7 7. e4 O-O 8. Qe2 b5 9. e5 Nd7 10. c3 Qc7 11. Re1 Bb7 12. h4 Rfc8 13. Nf1 a5 14. h5 h6 15. Bf4 Qd8 16. g4 b4 17. c4 Nd4 18. Nxd4 cxd4 19. cxd5 Bxd5 20. Bxd5 exd5 21. e6 Nc5 22. exf7+ Kxf7 23. Ng3 Bf6 24. Nf5 Ra6 25. Rac1 Qd7 26. Qf3 Rac6 27. Rxc5 Rxc5 28. Nd6+ Kg8 29. Nxc8 Rxc8 30. Bxh6 gxh6 31. Qxf6 Qxg4+ 32. Kh2 Qxh5+ 33. Kg3 Rf8 34. Qe6+ Kh7 35. Qe2 Rg8+ 36. Kf4 Qg5+ 37. Kf3 Rf8# 0-1


[Site "https://www.chess.com"]

[Event "Titled Tuesday Blitz December 20 Early 2022"]
[White "Kucherov, Konstantin"]
[Black "Roshka, Yevgeniy"]
[WhiteFideId "34136280"]
[BlackFideId "14129558"]
[WhiteElo "1983"]
[BlackElo "2429"]
[Result "0-1"]
[Round "04"]
[TimeControl "180+2"]
[Date "2022.12.20"]
[WhiteClock "0:00:04"]
[BlackClock "0:00:05"]

1. c4 Nf6 2. Nc3 g6 3. g3 Bg7 4. Bg2 O-O 5. Nf3 d6 6. d4 Nbd7 7. O-O e5 8. e3 Re8 9. Qc2 c6 10. Rd1 Qc7 11. b4 Nf8 12. a4 Bg4 13. h3 Be6 14. Bf1 exd4 15. exd4 d5 16. Bf4 Qd7 17. Ne5 Qc8 18. Kh2 N8d7 19. Nxd7 Qxd7 20. c5 Ne4 21. f3 g5 22. Bc1 Nxc3 23. Qxc3 h6 24. Be3 Bf5 25. b5 Re7 26. Bf2 Rae8 27. Rd2 Qe6 28. Qb3 Qg6 29. a5 h5 30. a6 bxa6 31. Rxa6 h4 32. Rxc6 hxg3+ 33. Bxg3 Qh5 34. Qxd5 Bxh3 35. Kg1 Bxf1 36. Kxf1 Qh3+ 37. Kf2 Re1 38. f4 Qf1# 0-1


[Site "https://www.chess.com"]

[Event "Titled Tuesday Blitz December 20 Early 2022"]
[White "Kukku, Ramesh"]
[Black "Mischuk, Dmitry"]
[WhiteFideId "25695606"]
[BlackFideId "14118734"]
[WhiteElo "1575"]
[BlackElo "2298"]
[Result "0-1"]
[Round "04"]
[TimeControl "180+2"]
[Date "2022.12.20"]
[WhiteClock "0:00:12"]
[BlackClock "0:01:42"]

1. Nc3 d5 2. f4 d4 3. Ne4 Nf6 4. d3 Nxe4 5. dxe4 e5 6. Nf3 Nc6 7. e3 Bb4+ 8. Bd2 dxe3 9. Bxb4 Nxb4 10. Qxd8+ Kxd8 11. O-O-O+ Ke7 12. Nxe5 Nxa2+ 13. Kb1 Nb4 14. Bc4 f6 15. Nf3 Bg4 16. Rhe1 Rad8 17. Bd3 c5 18. Kc1 Bxf3 19. gxf3 Rd4 20. Rxe3 Rhd8 21. Rg1 g6 22. Be2 Rd2 23. c3 Nc2 24. Rd3 Rxe2 25. Rxd8 Kxd8 26. Rd1+ Ke7 27. Rd2 Rxd2 28. Kxd2 Na1 29. Kd3 b5 0-1


[Site "https://www.chess.com"]

[Event "Titled Tuesday Blitz December 20 Early 2022"]
[White "Legendinunknown"]
[Black "Nyambe, Maketo"]
[BlackFideId "8700915"]
[WhiteElo "2731"]
[BlackElo "2091"]
[Result "1-0"]
[Round "04"]
[TimeControl "180+2"]
[Date "2022.12.20"]
[WhiteClock "0:00:17"]
[BlackClock "0:00:01"]

1. d4 d5 2. c4 e6 3. Nf3 Nf6 4. g3 Be7 5. Bg2 O-O 6. O-O dxc4 7. Qc2 a6 8. Qxc4 b5 9. Qc2 Bb7 10. Bd2 Nc6 11. e3 Nb4 12. Qc1 c5 13. Bxb4 cxb4 14. Nbd2 Qb6 15. Ne5 Rfc8 16. Qd1 Bxg2 17. Kxg2 a5 18. Rc1 a4 19. Qe2 Bd6 20. Ndf3 Qb7 21. Nd3 Qd5 22. Rxc8+ Rxc8 23. Rc1 Rc4 24. Kg1 h6 25. Nd2 Rxc1+ 26. Nxc1 Qc6 27. Qd1 Nd5 28. Nd3 Nb6 29. h4 Qd5 30. Qb1 Nc4 31. Nf1 Qf5 32. b3 Nb2 33. Qxb2 Qxd3 34. h5 a3 35. Qc1 Qc3 36. Qd2 e5 37. dxe5 Bxe5 38. Kg2 Qb2 39. Kf3 Bc3 40. Qd8+ Kh7 41. Qd3+ Kg8 42. Qd8+ Kh7 43. Qd7 Qxa2 44. Qxf7 Qc2 45. e4 Qd3+ 46. Ne3 Qd6 47. Nf5 Qf6 48. Qa7 Bb2 49. Kg4 Bc3 50. f4 Bb2 51. e5 Qf8 52. e6 Bf6 53. Qa6 Qc8 54. Kf3 Qc3+ 55. Kg4 Qc8 56. Qxc8 1-0


[Site "https://www.chess.com"]

[Event "Titled Tuesday Blitz December 20 Early 2022"]
[White "LileKoridze"]
[Black "TokChess"]
[WhiteElo "2345"]
[BlackElo "2504"]
[Result "0-1"]
[Round "04"]
[TimeControl "180+2"]
[Date "2022.12.20"]
[WhiteClock "0:00:03"]
[BlackClock "0:00:15"]

1. d4 e6 2. c4 c5 3. d5 exd5 4. cxd5 d6 5. Nf3 Nf6 6. g3 g6 7. Bg2 Bg7 8. O-O O-O 9. Bg5 Re8 10. Nfd2 h6 11. Bxf6 Qxf6 12. Nc3 Na6 13. Nc4 Qe7 14. e4 Nc7 15. a4 b6 16. Qd3 Ba6 17. Rfe1 Rab8 18. b3 h5 19. f4 Bd4+ 20. Kh1 Red8 21. e5 Bxc4 22. Qxc4 dxe5 23. Rad1 Ne8 24. fxe5 Bxe5 25. Ne4 Nd6 26. Qe2 Re8 27. Nd2 h4 28. g4 Kg7 29. h3 Qf6 30. Rf1 Qg5 31. Nf3 Qf4 32. Nxe5 Qxe5 33. Qf3 f6 34. Qf2 g5 35. Rfe1 Qg3 36. Qf1 Rxe1 37. Rxe1 Re8 38. Rxe8 Nxe8 39. Qb5 Qe1+ 40. Kh2 Qe5+ 41. Kh1 Qe7 42. Qc6 Nd6 43. Qa8 Nf7 44. Qc6 Ne5 45. Qb5 Ng6 46. Qd3 Nf4 47. Qd1 Qd6 48. Be4 a6 49. Qf3 b5 50. axb5 axb5 51. Qe3 Qe5 52. Qf3 Nxh3 53. Kg2 Nf4+ 54. Kf1 Qa1+ 55. Kf2 Qb2+ 56. Kf1 Qc1+ 57. Kf2 Qd2+ 58. Kf1 c4 59. bxc4 bxc4 60. Bb1 Qc1+ 0-1


[Site "https://www.chess.com"]

[Event "Titled Tuesday Blitz December 20 Early 2022"]
[White "Lim, Seng Hoo"]
[Black "JohnWhite1952"]
[WhiteFideId "5800021"]
[WhiteElo "2440"]
[BlackElo "1978"]
[Result "1-0"]
[Round "04"]
[TimeControl "180+2"]
[Date "2022.12.20"]
[WhiteClock "0:01:56"]
[BlackClock "0:01:35"]

1. e4 e6 2. d4 d5 3. Nd2 c5 4. Ngf3 Nc6 5. exd5 exd5 6. c3 Nf6 7. dxc5 Bxc5 8. Bd3 Be6 9. O-O O-O 10. Nb3 Be7 11. h3 h6 12. Re1 a6 13. Bf4 Rc8 14. Nfd4 Nxd4 15. Nxd4 Bd7 16. Qf3 Bc6 17. Rad1 Ne4 18. Nxc6 Rxc6 19. Bxe4 dxe4 20. Qxe4 Re6 21. Rxd8 Rxe4 22. Rxf8+ Kxf8 23. Rxe4 Bc5 24. b4 1-0


[Site "https://www.chess.com"]

[Event "Titled Tuesday Blitz December 20 Early 2022"]
[White "Lion-Al-Messi"]
[Black "The_filthy"]
[WhiteElo "2520"]
[BlackElo "2377"]
[Result "1-0"]
[Round "04"]
[TimeControl "180+2"]
[Date "2022.12.20"]
[WhiteClock "0:02:09"]
[BlackClock "0:00:32"]

1. e4 d5 2. exd5 Qxd5 3. Nc3 Qe6+ 4. Be2 Qg6 5. Bf3 Nc6 6. d4 Bf5 7. Bxc6+ Qxc6 8. Qf3 Qxf3 9. Nxf3 Bxc2 10. Nb5 O-O-O 11. Nxa7+ Kb8 12. Nb5 f6 13. Bd2 Be4 14. Rc1 c6 15. Nc3 Bxf3 16. gxf3 e6 17. Ke2 Rxd4 18. Be3 Rd7 19. a4 Ne7 20. b4 Nd5 21. Nxd5 Rxd5 22. b5 cxb5 23. axb5 Rxb5 24. Rhd1 Ba3 25. Ra1 Bb2 26. Rab1 Rb4 27. Bc5 Rb3 28. Rd2 Ba3 29. Rxb3 Bxc5 30. Rd7 b6 31. Rxg7 h5 32. Rf7 Rh6 33. Rd3 e5 34. Rd8# 1-0


[Site "https://www.chess.com"]

[Event "Titled Tuesday Blitz December 20 Early 2022"]
[White "Machidon, Cristi"]
[Black "queen_iryna"]
[WhiteFideId "13904590"]
[WhiteElo "2279"]
[BlackElo "2354"]
[Result "1-0"]
[Round "04"]
[TimeControl "180+2"]
[Date "2022.12.20"]
[WhiteClock "0:01:05"]
[BlackClock "0:00:05"]

1. d4 d6 2. e4 Nf6 3. Nc3 e5 4. Nge2 Nc6 5. d5 Ne7 6. Be3 Ng6 7. f3 Be7 8. Qd2 h6 9. Ng3 O-O 10. Be2 c6 11. O-O cxd5 12. exd5 Nh7 13. Nh5 Bg5 14. f4 exf4 15. Nxf4 Nxf4 16. Bxf4 Qb6+ 17. Kh1 Bd7 18. Bd3 Bf6 19. Ne4 Qxb2 20. Rab1 Qd4 21. Nxf6+ Qxf6 22. Rxb7 Bg4 23. Bg3 Qd8 24. Qf4 Bh5 25. Qxd6 Qc8 26. Rc7 Qg4 27. h3 Qd4 28. Be5 Qe3 29. Bf4 Qd4 30. Qe5 Qxe5 31. Bxe5 Ng5 32. Kh2 Bg6 33. Bxg6 fxg6 34. Rxg7+ Kh8 35. Rxg6+ Kh7 36. Rg7+ Kh8 37. Rgf7+ Kg8 38. Rxf8+ Rxf8 39. Rxf8+ Kxf8 40. c4 Ke7 41. c5 Nf7 42. Bf4 Kd7 43. c6+ Kc8 44. d6 1-0


[Site "https://www.chess.com"]

[Event "Titled Tuesday Blitz December 20 Early 2022"]
[White "Malich, Burkhard, Dr."]
[Black "Larochelle, Martial"]
[WhiteFideId "4611330"]
[BlackFideId "2016311"]
[WhiteElo "2323"]
[BlackElo "2039"]
[Result "1-0"]
[Round "04"]
[TimeControl "180+2"]
[Date "2022.12.20"]
[WhiteClock "0:00:22"]
[BlackClock "0:00:09"]

1. d4 Nf6 2. c4 e6 3. Nf3 d5 4. g3 dxc4 5. Bg2 c6 6. O-O b5 7. Ne5 Bb7 8. a4 a6 9. b3 cxb3 10. Qxb3 Qxd4 11. Bb2 Qb4 12. Qc2 Qc5 13. Qb3 Be7 14. Rc1 Qb4 15. Qc2 O-O 16. Ba3 Qd4 17. Bxe7 Qxe5 18. Bxf8 Qxa1 19. Nc3 Qxc1+ 20. Qxc1 Kxf8 21. axb5 axb5 22. Nxb5 Nbd7 23. Nd6 Rb8 24. Nxb7 Rxb7 25. Bxc6 Rc7 26. Qa3+ Kg8 27. Qa5 Rc8 28. Qa6 Rd8 29. Bxd7 Nxd7 30. Qd6 g6 31. Qe7 Ra8 32. Qxd7 Kg7 33. h4 h5 34. e4 Ra5 35. Qc7 Ra4 36. Qe5+ Kg8 37. Kg2 Ra2 38. Qf6 Rc2 39. Kf3 Ra2 40. Ke3 Ra3+ 41. Kf4 Ra2 42. Kg5 Rd2 43. Kh6 Kf8 44. Kh7 Rd7 45. e5 Rd5 46. f3 Rd4 47. Qg7+ Ke7 48. Qf6+ Kf8 49. Kh6 Ke8 50. Kg5 Kf8 51. g4 hxg4 52. fxg4 Rd1 53. h5 gxh5 54. gxh5 Rg1+ 55. Kh6 Ke8 56. Kh7 Rg2 57. h6 Rg1 58. Qg7 Ra1 59. Kg8 Ke7 60. Qf8+ Kd7 61. h7 Rg1+ 62. Qg7 Ra1 63. h8=Q Ra8+ 64. Qf8 Rxf8+ 65. Kxf8 Kc6 66. Qf6 Kd5 67. Kxf7 Kd4 68. Qxe6 1-0


[Site "https://www.chess.com"]

[Event "Titled Tuesday Blitz December 20 Early 2022"]
[White "MalyDominator"]
[Black "RamyresCoelho"]
[WhiteElo "2428"]
[BlackElo "2223"]
[Result "1-0"]
[Round "04"]
[TimeControl "180+2"]
[Date "2022.12.20"]
[WhiteClock "0:01:52"]
[BlackClock "0:00:02"]

1. Nf3 Nf6 2. g3 g6 3. Bg2 Bg7 4. O-O O-O 5. b3 d6 6. Bb2 c6 7. d3 e5 8. Nbd2 h6 9. a3 Be6 10. Ra2 Na6 11. Qa1 Nc7 12. d4 e4 13. Ne1 d5 14. c4 Qd7 15. Nc2 Bh3 16. Ne3 Bxg2 17. Kxg2 h5 18. h4 Ng4 19. Nxg4 Qxg4 20. Re1 e3 21. f3 Qf5 22. Nf1 Rae8 23. Qc1 Bh6 24. Ra1 g5 25. hxg5 Qxg5 26. Qc2 h4 27. Rad1 Ne6 28. Bc1 Nf4+ 29. Kg1 Nh3+ 30. Kg2 Nf2 31. Bxe3 Rxe3 32. Kxf2 hxg3+ 33. Nxg3 Rfe8 34. Rg1 Qh4 35. Kf1 Qh3+ 36. Rg2 Bf4 37. Qf5 Qxf5 38. Nxf5+ Kf8 39. Nxe3 Rxe3 40. cxd5 cxd5 41. Rg4 Bd6 42. Kf2 Rxb3 43. Rh1 Rxa3 44. Rh8+ Ke7 45. Rgg8 Ra4 46. Re8+ Kf6 47. e3 Ra2+ 48. Kg1 b5 49. f4 Kg7 50. Rh5 Bf8 51. Rg5+ Kf6 52. Rxf8 a5 53. Rd8 b4 54. Rd6+ Ke7 55. Rdxd5 b3 56. Rxa5 Rxa5 57. Rxa5 b2 58. Rb5 b1=Q+ 59. Rxb1 1-0


[Site "https://www.chess.com"]

[Event "Titled Tuesday Blitz December 20 Early 2022"]
[White "Manish Anto Cristiano F"]
[Black "Khudoly, Kostya"]
[WhiteFideId "25095927"]
[BlackFideId "14111454"]
[WhiteElo "2485"]
[BlackElo "2262"]
[Result "1-0"]
[Round "04"]
[TimeControl "180+2"]
[Date "2022.12.20"]
[WhiteClock "0:00:53"]
[BlackClock "0:00:16"]

1. d4 Nf6 2. c4 e6 3. Nf3 d5 4. Nc3 dxc4 5. Bg5 a6 6. a4 Bb4 7. e4 h6 8. Bxf6 Qxf6 9. Bxc4 c5 10. e5 Qe7 11. O-O cxd4 12. Qxd4 O-O 13. Qe4 Nd7 14. Bd3 g6 15. Qe3 Kg7 16. Ne4 b6 17. Rac1 Nc5 18. Bb1 Bb7 19. Nf6 Nxa4 20. Rfd1 Rfd8 21. Rxd8 Rxd8 22. h4 b5 23. h5 Nxb2 24. hxg6 fxg6 25. Ng4 g5 26. Nf6 Nc4 27. Rxc4 bxc4 28. Nxg5 Rd1+ 29. Kh2 Rxb1 30. Qg3 1-0


[Site "https://www.chess.com"]

[Event "Titled Tuesday Blitz December 20 Early 2022"]
[White "MartinMatthiesen"]
[Black "von Klitzing, Ole"]
[BlackFideId "34618821"]
[WhiteElo "2497"]
[BlackElo "1564"]
[Result "1-0"]
[Round "04"]
[TimeControl "180+2"]
[Date "2022.12.20"]
[WhiteClock "0:00:09"]
[BlackClock "0:00:02"]

1. d4 g6 2. e4 Bg7 3. c4 d6 4. Nc3 Nc6 5. d5 Nd4 6. Be3 c5 7. Nge2 Qb6 8. Qd2 Bd7 9. Rd1 Nxe2 10. Bxe2 Nf6 11. f3 O-O 12. O-O Rfd8 13. b3 Qa5 14. Rc1 a6 15. a4 Qb4 16. Qc2 e5 17. Bd2 Qb6 18. Rb1 Rf8 19. Kh1 Nh5 20. g3 f5 21. exf5 gxf5 22. Bd3 Kh8 23. g4 e4 24. gxh5 exd3 25. Qxd3 Qd8 26. h6 Be5 27. Rg1 Qh4 28. Rg2 Rg8 29. Rbg1 Rxg2 30. Rxg2 f4 31. Ne4 Bh3 32. Rg1 Qxh6 33. Bc3 Bf5 34. Bxe5+ dxe5 35. Qc3 Re8 36. Nxc5 Qh3 37. Rg2 h6 38. Ne6 Kh7 39. Qxe5 Rg8 40. Rg7+ Rxg7 41. Qxg7# 1-0


[Site "https://www.chess.com"]

[Event "Titled Tuesday Blitz December 20 Early 2022"]
[White "Martinez Ramirez, Lennis"]
[Black "WhiteKnight2612"]
[WhiteFideId "3509079"]
[WhiteElo "2426"]
[BlackElo "2753"]
[Result "0-1"]
[Round "04"]
[TimeControl "180+2"]
[Date "2022.12.20"]
[WhiteClock "0:00:05"]
[BlackClock "0:00:21"]

1. d4 Nf6 2. Nf3 d6 3. c4 g6 4. Nc3 Bg7 5. e4 O-O 6. h3 e5 7. d5 a5 8. Bd3 Na6 9. g4 Nc5 10. Bc2 Kh8 11. Be3 Ng8 12. Rg1 b6 13. h4 Ne7 14. h5 f5 15. h6 fxg4 16. hxg7+ Kxg7 17. Ng5 h6 18. Bxc5 bxc5 19. Ne6+ Bxe6 20. dxe6 h5 21. Nd5 Nc6 22. Qd2 a4 23. Bd1 Qh4 24. Rc1 Rab8 25. Rc3 Qh2 26. Rcg3 Nd4 27. e7 Rf7 28. R3g2 Qh4 29. Kf1 c6 30. Bxa4 cxd5 31. e8=Q Rxe8 32. Bxe8 Rf8 33. Bd7 dxe4 34. Bxg4 hxg4 35. Rxg4 Qh3+ 36. R1g2 Rf6 37. Rg3 Qe6 38. b3 Nf3 39. Qe3 Qf5 40. Rg4 Qh5 41. Ke2 Nh2 42. Qg3 Nxg4 43. Qxg4 Qh1 44. Qxe4 Qa1 45. Qb7+ Rf7 46. Qa6 Qb2+ 47. Ke1 Qb1+ 48. Ke2 Qe4+ 49. Kf1 Qd3+ 50. Kg1 Qd1+ 51. Kh2 Rf5 52. Qb7+ Kf6 53. f3 Rh5+ 54. Kg3 Qe1+ 55. Rf2 Rg5+ 56. Kh3 Qxf2 0-1


[Site "https://www.chess.com"]

[Event "Titled Tuesday Blitz December 20 Early 2022"]
[White "Meri-Arabidze"]
[Black "AttilaTurzo"]
[WhiteElo "2730"]
[BlackElo "2578"]
[Result "0-1"]
[Round "04"]
[TimeControl "180+2"]
[Date "2022.12.20"]
[WhiteClock "0:00:01"]
[BlackClock "0:00:10"]

1. Nf3 Nf6 2. g3 e6 3. Bg2 d5 4. O-O Be7 5. d4 O-O 6. c4 dxc4 7. Qc2 a6 8. a4 Bd7 9. Rd1 Bc6 10. Nc3 Nbd7 11. e4 b5 12. d5 exd5 13. exd5 Bb7 14. Ng5 Rb8 15. axb5 axb5 16. Nxb5 h6 17. Nh3 Nb6 18. Bf4 Bd6 19. Bxd6 cxd6 20. Nf4 Qd7 21. Na7 Ra8 22. Bh3 Qc7 23. Nb5 Qc5 24. Rxa8 Rxa8 25. Nc3 Nbxd5 26. Nfxd5 Nxd5 27. Bg2 Nb4 28. Qd2 Bxg2 29. Kxg2 Rd8 30. Ne4 Qc6 31. f3 Nd3 32. Nf2 Nxf2 33. Kxf2 d5 34. Qd4 Rb8 35. Rd2 Rb5 36. Kg2 Qc5 37. Qe5 Qc6 38. h4 Qe6 39. Qd4 h5 40. Kh2 g6 41. Kg2 Rb3 42. Qxd5 Qxd5 43. Rxd5 Rxb2+ 44. Kh3 Rf2 45. f4 f5 46. Rc5 Rc2 47. Rc7 Kf8 48. Rc6 c3 49. Rc7 Ke8 50. Rc6 Kf7 51. Rc7+ Ke6 52. Rc6+ Kd5 53. Rxg6 Rd2 54. Rg8 c2 55. Rc8 Kd4 56. Rc7 Kd3 57. Rd7+ Ke2 58. Rc7 Kd1 0-1


[Site "https://www.chess.com"]

[Event "Titled Tuesday Blitz December 20 Early 2022"]
[White "Mestnikov, Aisen"]
[Black "The_Machine04"]
[WhiteFideId "34130117"]
[WhiteElo "2043"]
[BlackElo "2652"]
[Result "0-1"]
[Round "04"]
[TimeControl "180+2"]
[Date "2022.12.20"]
[WhiteClock "0:00:10"]
[BlackClock "0:01:49"]

1. d4 d6 2. c4 e5 3. d5 f5 4. e4 Nf6 5. Nc3 Nxe4 6. Nxe4 fxe4 7. Ne2 Na6 8. Ng3 Qh4 9. Be3 Be7 10. Qc2 O-O 11. Qxe4 Nb4 12. Qxh4 Bxh4 13. Kd2 Bxg3 14. hxg3 Bf5 15. Be2 Nc2 16. Rac1 Nxe3 17. Kxe3 b6 18. b4 a5 19. b5 h6 20. f3 Rae8 21. Bd3 Bxd3 22. Kxd3 e4+ 23. fxe4 Rf2 24. Rc2 Rxc2 25. Kxc2 Rxe4 26. Kd3 Rg4 27. Rh3 Kf7 28. a4 Kg6 29. Kc3 h5 30. Kd3 Kg5 31. Kc3 g6 32. Kd3 Kf5 33. Kc3 Ke4 34. Rh4 Rxh4 35. gxh4 Ke3 36. Kc2 Kd4 37. Kb3 Kd3 38. g3 Kd4 0-1


[Site "https://www.chess.com"]

[Event "Titled Tuesday Blitz December 20 Early 2022"]
[White "Mikhail_Bryakin"]
[Black "Karttunen, Mika"]
[BlackFideId "502081"]
[WhiteElo "2765"]
[BlackElo "2490"]
[Result "1/2-1/2"]
[Round "04"]
[TimeControl "180+2"]
[Date "2022.12.20"]
[WhiteClock "0:00:20"]
[BlackClock "0:00:29"]

1. Nf3 Nf6 2. b3 d5 3. Bb2 e6 4. g3 Be7 5. Bg2 O-O 6. O-O a5 7. a4 Nc6 8. d3 Nb4 9. Nbd2 c5 10. Re1 b6 11. e4 Bb7 12. e5 Nd7 13. h4 Bc6 14. Nf1 b5 15. axb5 Bxb5 16. h5 h6 17. Ne3 Ra7 18. Ng4 a4 19. c4 Bc6 20. bxa4 Qa8 21. Qe2 dxc4 22. dxc4 Nb6 23. Nh4 Bxg2 24. Nxg2 Nxa4 25. Rad1 Rd8 26. Rxd8+ Qxd8 27. Bc1 Qd3 28. Qxd3 Nxd3 29. Rd1 Nxc1 30. Rxc1 Nb2 31. Rc2 Ra1+ 32. Kh2 Nd3 33. N2e3 Bg5 34. Rd2 Bxe3 35. Nxe3 Ra3 36. Ng4 Rc3 37. f4 Kf8 38. Ra2 Rxc4 39. Ra8+ Ke7 40. Ra7+ Ke8 41. Ra8+ Ke7 42. Ra7+ Ke8 43. Ra8+ Ke7 1/2-1/2


[Site "https://www.chess.com"]